 Dungeon Crawl Stone Soup version 0.28-a0-915-gcd63401287 (webtiles) character file.

Game seed: 14922724296273299607

21 wakim the Chucker (level 2, -6/28 HPs)
             Began as a Troll Hunter on Nov 25, 2021.
             Was a Follower of Okawaru.
             Mangled by Sigmund (13 damage)
             ... on level 2 of the Dungeon on Nov 26, 2021.
             The game lasted 00:04:12 (1279 turns).

wakim the Chucker (Troll Hunter)                    Turns: 1279, Time: 00:04:13

Health: -6/28      AC:  4    Str: 19    XL:     2   Next: 62%
Magic:  1/1        EV:  9    Int:  7    God:    Okawaru [*.....]
Gold:   74         SH:  0    Dex: 10    Spells: 1/1 levels left

rFire   . . .      SeeInvis .     - Unarmed
rCold   . . .      Faith    .   (no shield)
rNeg    . . .      Spirit   .   b - +0 robe
rPois   .          Reflect  .   (helmet restricted)
rElec   .          Harm     .   (no cloak)
rCorr   .          Rampage  .   (gloves unavailable)
Will    .....                   (boots unavailable)
Stlth   +.........              i - amulet of regeneration
HPRegen 1.69/turn               (no ring)
MPRegen 0.07/turn               (no ring)

@: confused
A: large, unfitting armour, claws 3, regeneration 1, shaggy fur 1, tough skin 1
a: Renounce Religion, Heroism


You were on level 2 of the Dungeon.
You worshipped Okawaru.
Okawaru was aware of your devotion.
You visited 1 branch of the dungeon, and saw 2 of its levels.

You collected 74 gold pieces.

Inventory:

Missiles
 c - 2 large rocks (quivered) {=f}
 d - 2 throwing nets {=f!f}
Armour
 b - a +0 robe (worn)
Jewellery
 i - an amulet of regeneration (around neck)
Scrolls
 e - a scroll of holy word {unknown}
 g - a scroll of torment {unknown}
 h - a scroll of noise {unknown}
Potions
 a - a potion of heal wounds {unknown}
 f - a potion of invisibility {unknown}


   Skills:
 + Level 1.9 Fighting
 - Level 3.6 Throwing
 - Level 1.5 Dodging
 - Level 0.3 Stealth
 * Level 1.6 Unarmed Combat
 + Level 0.8 Invocations


You had one spell level left.
You didn't know any spells.
Your spell library was empty.

Dungeon Overview and Level Annotations

Branches:
Dungeon (2/15)

Altars:
Okawaru

Annotations:
D:2 Sigmund


Innate Abilities, Weirdness & Mutations

You are too large for most types of armour.
You have claws for hands.
Your natural rate of healing is unusually fast.
You are covered in fur. (AC +1)
You have tough skin. (AC +1)


Message History

Unknown command.
Sigmund barely misses you.
You closely miss Sigmund.
Sigmund is severely wounded.
You bump into the rock wall.
Sigmund gestures at you while chanting.
You are more confused.
You bump into the rock wall.
Sigmund gestures wildly while chanting.
Sigmund flickers and vanishes!
Deactivating autopickup; reactivate with Ctrl-A.
Something hits you! Something hits you.
Unknown command.
You bump into the rock wall.
You bump into the rock wall.
You hear some strange, mumbled words.
You are more confused.
You bump into the rock wall.
Something completely misses you. Something hits you.
You bump into the rock wall.
You bump into the rock wall.
Something hits you!
* * * LOW HITPOINT WARNING * * *
You bump into the rock wall.
You hear some strange, mumbled words.
Something tries to affect you, but you resist.
You're too confused to move!
Something hits you.
You bump into the rock wall.
You bump into the rock wall.
A magic dart appears from out of thin air!
The magic dart hits you.
* * * LOW HITPOINT WARNING * * *
You bump into the rock wall.
A magic dart appears from out of thin air!
The magic dart hits you.
* * * LOW HITPOINT WARNING * * *
Something hits you!
* * * LOW HITPOINT WARNING * * *
Something hits you!
You die...

....#
#...........#.#'#'#'#'#+#..
...##
#.........<...#.#†#.#.# .
...#
#.......##.##.######### .
.###
#.......##.##.#.#.#.#.# ..
.#
##########.##.#'#†#'#'#+#.#
.#
########.##.............#
###......#{############...#
..#.####.#.# #...#
#.#.####.#@# #...#
#.#.#......# #...#
#.#.#.##.### #....
#<..)....# #...# ##########
#####


There were no monsters in sight!

Vanquished Creatures
  2 endoplasms (D:1)
  A giant cockroach (D:1)
  2 goblins
  2 hobgoblins (D:1)
  2 kobolds (D:1)
  A ball python (D:1)
  11 rats
21 creatures vanquished.

Notes
Turn   | Place    | Note
-------+----------+-------------------------------------------
     0 | D:1      | wakim the Troll Hunter began the quest for the Orb.
     0 | D:1      | Reached XP level 1. HP: 19/19 MP: 0/0
    50 | D:1      | Found a faded altar of an unknown god.
    54 | D:1      | Prayed at the altar of an unknown god.
    54 | D:1      | Became a worshipper of Warmaster Okawaru
    54 | D:1      | Reached * piety under Okawaru
   317 | D:1      | Reached skill level 1 in Unarmed Combat
   330 | D:1      | Reached XP level 2. HP: 27/28 MP: 1/1
  1144 | D:2      | Noticed Sigmund
  1279 | D:2      | Mangled by Sigmund

Illustrated notes

Levels and vault maps discovered:
D:1:      minmay_arrival_semitransparent, layout_basic,
          shapermc_ecumenical_altar_mp_highgroup, minmay_misc_feat_alley,
          corner_web_ring
D:2:      layout_loops_cross, serial_shops, nicolae_diamond_shop,
          minmay_rat_gold_closets, uniq_sigmund

Skill      XL: |  1 |
---------------+----+-----
Unarmed Combat | 1 |  1.6
Fighting       | |  1.9
Throwing       | |  3.6
Dodging        | |  1.5
Stealth        | |  0.3
Invocations    | |  0.8

Action                   || total
-------------------------++-------
Melee: Unarmed           ||    37
       Short sword       ||    11
Throw: Large rock        ||     3
 Stab: Sleeping          ||     3
Armor: Robe              ||    12
Dodge: Dodged            ||    20

Table legend: (Time is in decaauts)
 A = Elapsed time spent in this place.
 B = Non-inter-level travel time spent in this place.
 C = Inter-level travel time spent in this place.
 D = Time resting spent in this place.
 E = Time spent auto-exploring this place.
 F = Levels seen in this place.
 G = Mean time per level.
                   A        B        C        D        E       F      G
               +--------+--------+--------+--------+--------+-----+--------+
         Total |   1283 |   1252 |     31 |      9 |    980 |   2 |  641.5 |
       Dungeon |   1283 |   1252 |     31 |      9 |    980 |   2 |  641.5 |
               +--------+--------+--------+--------+--------+-----+--------+

Top non-repeatable levels by time:
     D:1: 1053 daAuts
     D:2: 229 daAuts
